AoeStats
← SharanamGanesha

Nomad

508096397Analyzed
3v3 RM · 11d ago on Sep 20, 2026· 41m 34s· 6 players
Game mode
Random Map
Map size
210×210
Population
200
Speed
Normal
Resources
Standard
Victory
Conquest
Starting age
Dark Age
Ending age
Imperial Age
RankedLock teamsTeams togetherTeam positionsShared explorationLock speedFull tech treeHidden civsTurbo modeCheats
Victory
Defeat
🇨🇴 Italians · Colombia
996
+12
🇨🇴 Byzantines · Colombia
954
+13
🇨🇴 Persians · Colombia
944
+14
🇬🇧 Koreans · United Kingdom
944
-14
🇺🇦 Hindustanis · Ukraine
916
-14
🇲🇽 Ethiopians · Mexico
836
-11
SharanamGanesha
16:20 Feudal Age
16:58 Double-Bit Axe
17:02 Horse Collar
25:26 Castle Age
24:25 Stone Mining
26:56 Stone Shaft Mining
26:33 Bow Saw
28:29 Pikeman
34:12 Forging
34:03 Scale Mail Armor
33:25 Crossbowman
34:57 Wheelbarrow
34:35 Gold Mining
36:43 Iron Casting
36:23 Chain Mail Armor
SageViolet
4:14 Loom
18:02 Feudal Age
23:45 Castle Age
26:18 Double-Bit Axe
26:19 Horse Collar
28:19 Stone Mining
28:45 Gold Mining
30:07 Scale Mail Armor
31:07 Pikeman
31:50 Squires
31:36 Gambesons
33:55 Forging
34:11 Heavy Plow
34:37 Fletching
35:23 Iron Casting
35:24 Bow Saw
36:33 Wheelbarrow
inteligenteplaya
FELIPE41
3:28 Loom
15:22 Feudal Age
15:26 Feudal Age
17:39 Double-Bit Axe
19:27 Horse Collar
23:09 Castle Age
21:28 Fishing Lines
21:48 Stone Mining
22:45 Forging
23:36 Scale Barding Armor
24:43 Wheelbarrow
25:02 Stone Shaft Mining
25:04 Gillnets
26:31 Husbandry
26:33 Gold Mining
30:31 Iron Casting
30:53 Bow Saw
32:00 Gold Shaft Mining
32:29 Hand Cart
32:18 Fletching
33:37 Chain Barding Armor
38:49 Imperial Age
38:29 Bodkin Arrow
38:35 Padded Archer Armor
41:29 Conscription
40:34 Spies/Treason
41:29 Heavy Camel Rider
GPRK | LORD JOHFRE
6:46 Loom
14:11 Feudal Age
15:03 Double-Bit Axe
17:20 Wheelbarrow
19:30 Bloodlines
21:05 Gold Mining
26:38 Castle Age
26:47 Forging
26:43 Scale Barding Armor
27:24 Husbandry
28:36 Iron Casting
30:02 Chain Barding Armor
31:25 Fishing Lines
32:20 Bow Saw
37:35 Imperial Age
36:21 Gold Shaft Mining
35:37 Stone Mining
36:38 Gillnets
37:34 Cavalier
39:37 Two-Man Saw
41:20 Blast Furnace
40:56 Plate Barding Armor
40:16 Spies/Treason
42:13 Kamandaran
ZEJER
6:46 Loom
14:22 Feudal Age
23:49 Castle Age
22:47 Stone Mining
22:49 Gold Mining
22:57 Fletching
23:08 Padded Archer Armor
25:11 Bodkin Arrow
25:38 Double-Bit Axe
25:31 Crossbowman
26:17 Thumb Ring
28:43 Treadmill Crane
34:34 Imperial Age
33:40 Ballistics
33:16 Murder Holes
37:26 Conscription
40:29 Spies/Treason
42:12 Caravan
Connection lost

Rejoining the realm…

Still unreachable

The connection could not be restored.

Session expired

The server has moved on; the page needs a fresh start.